 Dungeon Crawl Stone Soup version 0.17-a0-1840-g87820a2 (webtiles) character file.

12113 terribad the Fighter (level 11, -3/94 HPs)
             Began as a Demigod Fighter on Sept 16, 2015.
             Slain by a hill giant
             ... wielding a +0 giant club
              (23 damage)
             ... on level 11 of the Dungeon.
             The game lasted 00:57:15 (14883 turns).

terribad the Fighter (Demigod Fighter)             Turns: 14883, Time: 00:57:15

Health: -3/94      AC: 17    Str: 25    XL:     11   Next: 32%
Magic:  14/14      EV: 11    Int: 12    God:
Gold:   925        SH:  8    Dex: 15    Spells: 0 memorised, 10 levels left

rFire  + . .     SeeInvis .     a - +0 war axe
rCold  . . .     Clarity  .     S - +1 chain mail {rF+}
rNeg   . . .     SustAt   +     c - +0 shield
rPois  .         Gourm    .     O - +0 helmet
rElec  .         Spirit   .     Z - +2 cloak
rCorr  .         Warding  .     r - +2 pair of gloves
rMut   .         Stasis   .     Y - +0 pair of boots
MR     +....                    J - amulet of rage
Stlth  ..........               v - +3 ring of evasion
                                o - +3 ring of evasion

@: very heavily drained, somewhat resistant to hostile enchantments, extremely
unstealthy
A: high mp 1, sustain attributes
a: Evoke Berserk Rage


You were on level 11 of the Dungeon.
You were not hungry.

You visited 1 branch of the dungeon, and saw 12 of its levels.
You also visited: Ossuary.

You collected 925 gold pieces.

Inventory:

Hand weapons
 a - a +0 war axe (weapon)
 L - a +2 whip of freezing
Armour
 c - a +0 shield (worn)
 r - a +2 pair of gloves (worn)
 D - a +0 plate armour
 O - a +0 helmet (worn)
 S - a +1 chain mail of fire resistance (worn)
 Y - a +0 pair of boots (worn)
 Z - a +2 cloak (worn)
Jewellery
 o - a +3 ring of evasion (left hand)
 v - a +3 ring of evasion (right hand)
 x - an uncursed ring of positive energy
 J - an amulet of rage (around neck)
Magical devices
 h - a wand of flame (17)
 m - a wand of fireball (1)
 n - a wand of magic darts (10)
 Q - a wand of cold (12)
Scrolls
 d - a scroll of torment {unknown}
 f - 7 scrolls of enchant armour
 i - 3 scrolls of recharging
 k - 5 scrolls of remove curse
 p - a scroll of fear {unknown}
 t - 2 scrolls of fog {unknown}
 u - 4 scrolls of teleportation
 w - 2 scrolls of blinking {unknown}
 E - a scroll of summoning {unknown}
 F - a scroll of silence {unknown}
 K - a scroll of magic mapping {unknown}
 N - 5 scrolls of amnesia
Potions
 b - a potion of experience {unknown}
 l - a potion of heal wounds
 s - 5 potions of curing
 A - 2 potions of poison {unknown}
 B - 2 potions of brilliance {unknown}
 G - a potion of berserk rage {unknown}
 M - 2 potions of magic
 P - a potion of ambrosia {unknown}
 U - a potion of resistance {unknown}
 W - a potion of cure mutation {unknown}
Books
 V - a book of the Dragon

   Spells                             Type                      Level
   a - Flame Tongue                   Conjuration/Fire             1
   b - Cause Fear                     Hexes                        4
   c - Bolt of Fire                   Conjuration/Fire             6
   d - Dragon Form                    Transmutation                7
   e - Dragon's Call                  Summoning                    9
Comestibles
 e - 10 bread rations
 g - 2 fruits
 j - 3 slices of pizza
 q - 4 chunks of flesh
 C - 6 meat rations
 R - 6 beef jerkies


   Skills:
 * Level 8.1(0.0) Fighting
 * Level 8.1(0.0) Axes
 * Level 8.0(0.0) Armour
 * Level 8.1(0.0) Dodging
 * Level 7.7(0.0) Shields


You had 10 spell levels left.
You didn't know any spells.

Dungeon Overview and Level Annotations

Branches:
Dungeon (12/15)            Temple (0/1) D:7            Lair (0/8) D:10
    Orc (0/4) D:10

Shops:
D:4 [   D:10 (


Innate Abilities, Weirdness & Mutations

You have an increased reservoir of magic (+10% MP).
Your attributes are resistant to harm.


Message History

You hit the hill giant but do no damage.
The hill giant is severely wounded.
The hill giant hits you with a giant club!
You hit the hill giant.
The hill giant is severely wounded.
The hill giant hits you but does no damage.
You slash the hill giant!
The hill giant is almost dead.
The hill giant hits you with a giant club!
The hill giant hits you with a giant club!!
* * * LOW HITPOINT WARNING * * *
Drink which item? (? for menu, Esc to quit)
You feel much better.
You hit the hill giant but do no damage.
The hill giant is almost dead.
The hill giant closely misses you.
You hit the hill giant.
The hill giant is almost dead.
The hill giant hits you with a giant club!!
You die...

.......................
#######................
#........>.......
#)...............
#)....((.........
########[)..(...........
#.......................
#.........(.............
#......@C#####..####..##
#........# #..# ..#
#........# #........##
#..<.........
#............
#........#### #........#
#........#


You could see a hill giant.

Vanquished Creatures
  Erica (D:9)
  Sonja (D:9)
  An unseen horror (D:10)
  Pikel (D:6)
  An ugly thing (D:11)
  2 trolls
  2 two-headed ogres
  Grinder (D:5)
  2 wyverns (D:5)
  A wraith (D:11)
  5 yaks (D:9)
  A deep elf mage (D:10)
  4 ice beasts
  A necrophage (D:11)
  8 orc warriors
  3 phantoms
  2 slaves (D:5)
  2 black bears
  2 centaurs
  7 ogres
  4 sky beasts (D:5)
  A crocodile (D:9)
  An elf zombie (Ossuary)
  A big kobold (D:9)
  A gnoll sergeant (D:11)
  3 giant frogs
  4 elf skeletons (D:8)
  A water moccasin zombie (D:6)
  Dowan (D:6)
  7 scorpions
  A killer bee (D:9)
  An electric eel (D:8)
  6 jellies
  4 wights
  A centaur zombie (D:8)
  11 hounds
  3 human zombies
  20 orc wizards
  7 crimson imps
  2 iguanas
  4 giant frog skeletons
  2 giant frog zombies
  A human skeleton (D:8)
  6 orc priests
  4 centaur skeletons
  2 worker ants
  A killer bee zombie (D:5)
  2 hound zombies
  A hound skeleton (D:5)
  4 mummies (Ossuary)
  8 gnolls
  9 adders
  4 white imps (D:8)
  4 shadow imps
  4 oozes
  2 adder skeletons
  4 worms
  6 giant geckos
  50 orcs
  A ball python (D:1)
  8 giant cockroaches
  4 goblins
  4 hobgoblins
  10 bats
  A giant gecko zombie (D:7)
  3 giant newts
  4 gnoll zombies
  2 goblin zombies (Ossuary)
  8 jackals
  A jackal skeleton (D:6)
  A jackal zombie (Ossuary)
  12 kobolds
  4 quokkas
  2 quokka zombies
  13 rats
  3 rat zombies (Ossuary)
327 creatures vanquished.

Vanquished Creatures (others)
  2 slaves (D:6)
  An orc wizard (D:8)
  A gnoll (D:6)
  2 plants (D:8)
6 creatures vanquished.

Grand Total: 333 creatures vanquished

Notes
Turn   | Place    | Note
--------------------------------------------------------------
     0 | D:1      | terribad the Demigod Fighter began the quest for the Orb.
     0 | D:1      | Reached XP level 1. HP: 18/18 MP: 3/3
   305 | D:1      | Reached skill level 1 in Dodging
   305 | D:1      | Reached XP level 2. HP: 12/25 MP: 4/4
   466 | D:1      | Reached XP level 3. HP: 30/30 MP: 5/5
  1775 | D:3      | Reached skill level 3 in Fighting
  1775 | D:3      | Reached XP level 4. HP: 33/38 MP: 6/6
  2102 | D:3      | Reached XP level 5. HP: 45/45 MP: 7/7
  2914 | D:4      | Found Atitoc's Antique Armour Shoppe.
  2944 | D:4      | Reached XP level 6. HP: 15/51 MP: 8/8
  3702 | D:4      | Found a basalt altar of Yredelemnul.
  3832 | D:4      | Noticed a phantom
  3906 | D:4      | Killed a phantom
  4355 | D:5      | Entered Level 5 of the Dungeon
  4365 | D:5      | Reached XP level 7. HP: 43/58 MP: 9/9
  4367 | D:5      | Reached skill level 4 in Axes
  4963 | D:5      | Reached XP level 8. HP: 58/67 MP: 10/10
  5597 | D:5      | Noticed Grinder
  5606 | D:5      | Paralysed by Grinder for 4 turns
  5616 | D:5      | Killed Grinder
  5616 | D:5      | Reached skill level 5 in Axes
  5616 | D:5      | Reached skill level 5 in Armour
  5696 | D:5      | Reached skill level 5 in Shields
  5798 | D:5      | Reached skill level 5 in Fighting
  5933 | D:6      | Reached skill level 5 in Dodging
  6316 | D:6      | Noticed Pikel
  6317 | D:6      | Paralysed by Pikel for 4 turns
  6589 | D:6      | Paralysed by Pikel for 6 turns
  6607 | D:6      | Killed Pikel
  6607 | D:6      | Reached XP level 9. HP: 63/74 MP: 11/11
  6753 | D:6      | Noticed Dowan
  6812 | D:6      | Killed Dowan
  7292 | D:6      | Reached skill level 6 in Axes
  7635 | D:7      | You fall through a shaft!
  8035 | D:8      | Found a sand-covered staircase.
  8108 | Ossuary  | Entered an ossuary
  9145 | D:9      | Reached XP level 10. HP: 72/84 MP: 13/13
  9217 | D:9      | Found an ancient bone altar of Kikubaaqudgha.
  9251 | D:9      | Found a shattered altar of Ashenzari.
  9263 | D:9      | Found a sacrificial altar of Ru.
  9851 | D:9      | Found an opulent altar of Gozag.
  9991 | D:9      | Noticed Erica
 10068 | D:9      | Noticed a moth of wrath
 10070 | D:9      | Found a bloodstained altar of Trog.
 10170 | D:9      | Found a white marble altar of Elyvilon.
 10251 | D:9      | Found a glowing golden altar of the Shining One.
 10258 | D:9      | Reached skill level 7 in Axes
 10320 | D:9      | Killed Erica
 10559 | D:10     | Entered Level 10 of the Dungeon
 10800 | D:7      | Found a staircase to the Ecumenical Temple.
 10887 | D:7      | Found a burning altar of Makhleb.
 12202 | D:10     | Noticed Sonja
 12283 | D:10     | Found a shimmering altar of Xom.
 12391 | D:10     | Reached XP level 11. HP: 49/93 MP: 14/14
 12814 | D:10     | HP: 3/94 [something (8)]
 13246 | D:10     | Found a staircase to the Orcish Mines.
 13246 | D:10     | Found Peseane's Weapon Emporium.
 13287 | D:10     | Killed an unseen horror
 13647 | D:10     | Found a staircase to the Lair.
 13965 | D:11     | Noticed a red ugly thing
 14013 | D:11     | Killed a red ugly thing
 14013 | D:11     | Reached skill level 8 in Axes
 14343 | D:12     | Noticed a six-headed hydra
 14354 | D:11     | Noticed an ice devil
 14362 | D:11     | Noticed a soul eater
 14581 | D:9      | Killed Sonja
 14883 | D:11     | Slain by a hill giant

Vault maps used:
D:1:      dpeg_arrival_short_road
D:2:      hex_medium
D:3:      first_bread, kennysheep_generic_room_10
D:4:      lemuel_zombie_altar_yredelemnul, serial_shops,
          nicolae_shop_overgrown_old_shop
D:5:      forest_paths, uniq_grinder
D:6:      hangedman_cross_stitches, uniq_duvessa, uniq_pikel
D:7:      minmay_temple_entry_butterflies, basic_altar, grunt_ogre_cave
D:8:      nicolae_ossuary_entry_catacombs, kennysheep_cluttered_room,
          serial_bayou_ford_a, minmay_nine_imps
D:9:      kennysheep_mini, old_standard_altar, lemuel_crystal_altar, tgw_trog,
          nicolae_overflow_hidden_temple, kennysheep_little_box, basic_altar,
          uniq_erica
D:10:     lair_0_dummy, orc_david_3, basic_altar, uniq_sonja
D:11:     kennysheep_small_circle, uniq_grum
Ossuary:  ossuary_minmay_tomb_2a

Action                   |  1- 3 |  4- 6 |  7- 9 | 10-12 || total
-------------------------+-------+-------+-------+-------++-------
Melee: War axe           |   142 |   141 |   469 |   660 ||  1412
       Mace              |       |    84 |       |       ||    84
       Whip              |       |       |   349 |       ||   349
Throw: Tomahawk          |       |       |       |     4 ||     4
Evoke: Wand              |       |       |       |     6 ||     6
  Use: Potion            |       |       |     1 |     3 ||     4
       Scroll            |       |       |     6 |     5 ||    11
 Stab: Invisible         |       |       |       |     2 ||     2
  Eat: Chunk             |     2 |     5 |    16 |    16 ||    39
       Beef jerky        |       |     1 |       |     3 ||     4
       Fruit             |       |     3 |       |       ||     3
       Pizza             |       |       |     1 |       ||     1
